Unix NetHack Version 5.0.0-0 post-release - last build May  4 2026 22:22:43 (774f63e81ad911689b3a0859ea89b322d5daca8d,branch:main).

Game began 2026-05-07 19:59:06, ended 2026-05-07 20:33:20.

BeardyHaddock, neutral male gnomish Archeologist

                    ---------------------------------
                    |...............................|
                    |.{.....---------|-----....----.|
                    |.......-[.|   |..|!!.|....|..|.|
                    |.......|..|   |..|)*.-.---|..|.|
                    |.-----.---|   ---|)!.|.|..|..|.|#
                  ##-.|   -....-+---  |----.|..||--.-#
  ------------   ## |.|   |.)...`..|  |..-..-|--..[.|##
  |..........|  ##  |.-----..-----.-+-|. |..........|##
  |..........| ##   |............|....|- --.-|--..{.|##
  |...........####  |..-|---.|...+....+   |.|..|....|#
  |..........| #    |..|...|.--------.|   |.|..|+--.|#
  |...........##    |..|(!(|..|     |.|   |.|..|  |.|#           --+-------
  |..........|#     |..|(((|..|     +.|   |.---|  |.|#           .........|
  ------------##    |..-----..-+-----.-----....----.|#           |........|
               #####|...............................|#        ###....a....|
                  ##---------------------------------#      `##  |..da@.F.|
                  #######                         ###########    ----------

BeardyHaddock the Investigator  St:11 Dx:9 Co:15 In:18 Wi:14 Ch:9  Neutral
Dlvl:7  $:1697 HP:0(47) Pw:1(27) AC:0  Xp:6 T:4064  Satiated Burdened

Latest messages:
 You attack thin air.
 You attack thin air.
 The snake misses!
 You miss the snake.
 The snake bites!
 You miss the snake.
 The snake bites!
 The snake bites!
 The snake misses!
 You lash the snake!
 The snake bites!
 You lash the snake!
 The snake bites!
 You kill the snake!
 You fail to cast the spell correctly.
 You fail to cast the spell correctly.
 In what direction? .
 You feel better.
 You hear crashing rock.
 You fall down the stairs.
 The fire ant bites!
 The fire ant misses!
 The fire ant bites!
 The fire ant bites again!
 You're on fire!
 The large dog misses the fire ant.
 The fire ant misses!
 The fire ant misses!
 The fire ant misses!
 The fire ant bites!
 You avoid harm.
 The large dog bites the fire ant.
 The fire ant bites!
 The fire ant bites again!
 You're on fire!
 The fire ant misses!
 The fire ant bites!
 You're on fire!
 Your scroll of food detection catches fire and burns!
 You lash the fire ant!
 The fire ant bites!
 The fire ant bites again!
 You're on fire!
 The fire ant bites!
 You die...
 Do you want your possessions identified? [ynq] (y) n
 Do you want to see your attributes? [ynq] (y) n
 Do you want an account of creatures vanquished? [ynaq] (y) n
 Do you want to see your conduct and achievements? [ynq] (y) n
 Do you want to see the dungeon overview? [ynq] (y) n

Inventory:
 Coins    ('$')
  $ - 1697 gold pieces
 Amulets  ('"')
  Y - a blessed amulet versus poison
 Weapons  (')')
  O - 2 +0 daggers
  S - a +0 elven dagger
  a - a +3 bullwhip (weapon in right hand)
  Z - a +0 short sword
 Armor    ('[')
  c - an uncursed +0 fedora
  j - a blessed +1 helmet (being worn)
  k - an uncursed +0 pair of leather gloves (being worn)
  h - an uncursed +0 small shield (being worn)
  u - a blessed +3 leather cloak (being worn)
  b - an uncursed +0 leather armor (being worn)
 Comestibles  ('%')
  d - 4 uncursed food rations
 Scrolls  ('?')
  i - an uncursed scroll of create monster
 Rings    ('=')
  D - an uncursed ring of free action
  l - an uncursed ring of see invisible
 Wands    ('/')
  G - a wand of digging (0:5)
 Tools    ('(')
  P - an uncursed lock pick
  e - a +0 pick-axe (alternate weapon; not wielded)
  f - a tinning kit (0:65)
 Gems/Stones  ('*')
  r - 4 uncursed flint stones
  g - an uncursed touchstone

BeardyHaddock the Archeologist's attributes:

Background:
 You were an Investigator, a level 6 male gnomish Archeologist.
 You were neutral, on a mission for Camaxtli
 who was opposed by Quetzalcoatl (lawful) and Huhetotl (chaotic).
 You were right-handed.
 You were in the Gnomish Mines, on level 7.
 You entered the dungeon 4064 turns ago.
 You had 391 experience points, 249 more were needed to attain level 7.

Basics:
 You had 0 out of 47 hit points.
 You had 1 out of 27 energy points (spell power).
 Your armor class was 0.
 Your wallet contained 1697 zorkmids.
 Autopickup was off.

Final Characteristics:
 Your strength was 11 (peak:14, limit:18/50).
 Your dexterity was 9 (limit:18).
 Your constitution was 15 (limit:18).
 Your intelligence was 18 (limit:19).
 Your wisdom was 14 (limit:18).
 Your charisma was 9 (limit:18).

Final Status:
 You were satiated.
 You were burdened; movement was slightly slowed.
 You were wielding a whip.
 You were skilled in whip.

Final Attributes:
 You were piously aligned.
 You were telepathic.
 You had automatic searching.
 You had infravision.
 You were stealthy.
 You were warded.
 You are dead.

Miscellaneous:
 You didn't encounter any bones levels.
 Total elapsed playing time was 34 minutes and 13 seconds.

Major events:
 Turn
    1: BeardyHaddock the neutral male gnomish Archeologist entered the dungeon
 1018: attained the rank of Field Worker (level 3)
 1844: entered the Gnomish Mines
 3056: reached Mine Town
 3564: attained the rank of Investigator (level 6)
 4064: killed by a fire ant

Spells:
 Name                 Level Category     Fail Retention
 healing                1   healing       40%  76%-100%
 light                  1   divination    40%  76%-100%

Skills:
 Fighting Skills
   bare handed combat [Unskilled]
   two weapon combat  [Unskilled]
   riding             [Unskilled]
 Weapon Skills
   dagger             [Unskilled]
   knife              [Unskilled]
   pick-axe           [Basic]
   short sword        [Unskilled]
   saber              [Unskilled]
   club               [Unskilled]
   quarterstaff       [Unskilled]
   sling              [Unskilled]
   dart               [Unskilled]
   boomerang          [Unskilled]
   whip               [Skilled]
   unicorn horn       [Unskilled]
 Spellcasting Skills
   attack spells      [Unskilled]
   healing spells     [Unskilled]
   divination spells  [Unskilled]
   matter spells      [Unskilled]

Voluntary challenges:
 Character rerolling was not enabled.
 You never genocided any monsters.
 You never polymorphed an object.
 You never changed form.
 You used no wishes.
Achievements:
 You attained the rank of Field Worker.
 You entered the Gnomish Mines.
 You entered Minetown.
 You entered a shop.
 You attained the rank of Investigator.

 The Dungeons of Doom: levels 1 to 5
    Level 1:
       A fountain, a sink, a grave.
    Level 2:
       Some fountains.
    Level 3:
    Level 4:
       Stairs down to The Gnomish Mines.
    Level 5:
 The Gnomish Mines: levels 5 to 7
    Level 5:
    Level 6:
    Level 7: <- You were here.
       Some shops, some fountains.
       Final resting place for
          you, killed by a fire ant.


Vanquished creatures:
  3 watchmen
  a wolf
  a dingo
  a dog
  a jaguar
  a snake
  4 fire ants
 an imp
  a rock piercer
  2 fog clouds
  a yellow light
  a gnome leader
  a kobold mummy
  a ghoul
  a giant ant
  a floating eye
  4 dwarves
  a homunculus
  a kobold leader
  2 kobold shamans
  2 giant bats
  2 orc zombies
  a wererat
  3 iguanas
 an acid blob
  3 coyotes
  3 hobbits
  3 manes
  3 hobgoblins
  2 giant rats
  2 yellow molds
  4 gnomes
  2 garter snakes
  6 geckos
  5 jackals
  a fox
  a kobold
  6 goblins
  a sewer rat
  6 lichens
  2 kobold zombies
  8 newts
97 creatures vanquished.

No species were genocided or became extinct.

Game over:
                       ----------
                      /          \
                     /    REST    \
                    /      IN      \
                   /     PEACE      \
                  /                  \
                  |  BeardyHaddock   |
                  |     1697 Au      |
                  | killed by a fire |
                  |       ant        |
                  |                  |
                  |                  |
                  |       2026       |
                 *|     *  *  *      | *
        _________)/\\_//(\/(/\)/\//\/|_)_______

Goodbye BeardyHaddock the Archeologist...

You died in The Gnomish Mines on dungeon level 7 with 3412 points,
and 1697 pieces of gold, after 4064 moves.
You were level 6 with a maximum of 47 hit points when you died.

